 Dungeon Crawl Stone Soup version 0.29-a0-542-g075992c915 (webtiles) character file.

Game seed: 12587405256898713329

839 Spectrina the Covert (level 7, -3/40 HPs)
             Began as a Vampire Delver on June 4, 2022.
             Was a Follower of Yredelemnul.
             Slain by Duvessa
             ... wielding a +0 antimagic short sword
              (5 damage)
             ... on level 6 of the Dungeon.
             The game lasted 00:19:13 (1758 turns).

Spectrina the Covert (Vampire Delver)               Turns: 1758, Time: 00:19:14

Health: -3/40      AC: 11    Str: 10 (11) XL:     7   Next: 67%
Magic:  0/8        EV:  8    Int: 11 (12) God:    Yredelemnul [*.....]
Gold:   99         SH:  0    Dex: 17 (18) Spells: 6/6 levels left

rFire   + + .      SeeInvis +   a - +0 short sword
rCold   + . .      Faith    .   (no shield)
rNeg    + + +      Spirit   .   j - +0 fire dragon scales
rPois   ∞          Reflect  .   n - +1 hat
rElec   .          Harm     .   k - +0 cloak
rCorr   .          Rampage  .   (no gloves)
Will    .....                   (no boots)
Stlth   +++++.....              (no amulet)
HPRegen 0.00/turn               (no ring)
MPRegen 0.11/turn               (no ring)

@: bloodless, inhibited regen
A: bloodless, fangs 3, see invisible, vampiric 2
a: Bat Form, Revivify, Renounce Religion, Recall Undead Harvest


You were on level 6 of the Dungeon.
You worshipped Yredelemnul.
Yredelemnul was noncommittal.
You visited 2 branches of the dungeon, and saw 7 of its levels.

You collected 99 gold pieces.

Inventory:

Hand Weapons
 a - a +0 short sword (weapon)
 r - a +0 dagger
 t - a +0 shortbow
 u - a +0 hunting sling
Missiles
 l - 5 javelins
 m - 10 poisoned darts (quivered)
 s - a throwing net
 w - 12 boomerangs
Armour
 b - a +0 leather armour
 i - the +0 pair of gloves of Sorutz {*Corrode rPois rF++}
   (You found it on level 6 of the Dungeon)

   rF:        It greatly protects you from fire.
   rPois:     It protects you from poison.
   *Corrode:  It may corrode you when you take damage.
 j - +0 fire dragon scales (worn)
 k - a +0 cloak (worn)
 n - a +1 hat (worn)
 o - a +1 hat
Magical Staves
 z - a staff of fire
 B - a staff of poison
Wands
 g - a wand of digging (3)
 A - a wand of iceblast (3)
Scrolls
 c - 2 scrolls of fog
 d - 2 scrolls of magic mapping
 e - a scroll of fear
 h - 5 scrolls of teleportation {unknown}
 p - a scroll of blinking {unknown}
 v - 4 scrolls of identify {unknown}
 x - a scroll of acquirement {unknown}
 y - 3 scrolls of enchant armour {unknown}
Potions
 f - a potion of haste
 q - a potion of might {unknown}


   Skills:
 - Level 2.6 Fighting
 + Level 5.7 Short Blades
 + Level 3.3 Armour
 - Level 2.1 Dodging
 + Level 10.5 Stealth
 + Level 2.2 Invocations


You had 6 spell levels left.
You didn't know any spells.
Your spell library was empty.

Dungeon Overview and Level Annotations

Branches:
Dungeon (6/15)             Temple (1/1) D:4

Altars:
Ashenzari
Elyvilon
Fedhas
Hepliaklqana
Kikubaaqudgha
Makhleb
Okawaru
Ru
Sif Muna
Vehumet
Wu Jian
Yredelemnul
Zin

Annotations:
D:3 Robin
D:6 Duvessa


Innate Abilities, Weirdness & Mutations

You do not regenerate when monsters are visible.
You are frail without blood (-20% HP).
You can heal yourself when you bite living creatures.
You are immune to poison.
You have razor-sharp teeth.
You have supernaturally acute eyesight. (SInv)
You are afflicted with vampirism and can become a bat while bloodless.


Message History

Press: ? - help, Shift-Dir - straight line, p - Duvessa
Okay, then.
Aiming: Iceblast
Press: ? - help, Shift-Dir - straight line, p - Duvessa The mass of ice explodes!
The iceblast engulfs Duvessa!
Duvessa is moderately wounded.
The iceblast engulfs the bullfrog!
The bullfrog is almost dead.
You kill the bullfrog!
The dead are hopping!
You feel your strength returning.
Unknown command.
Unknown command.
Aiming: Iceblast
Press: ? - help, Shift-Dir - straight line The mass of ice explodes!
The iceblast engulfs Duvessa!
Duvessa is heavily wounded.
Duvessa hits you but does no damage.
Duvessa hits you with a +0 antimagic short sword.
* * * LOW HITPOINT WARNING * * *
You feel your power leaking away.
Unknown command.
Unknown command.
Aiming: Iceblast
Press: ? - help, Shift-Dir - straight line The mass of ice explodes!
The iceblast engulfs Duvessa!
Duvessa is severely wounded.
Duvessa hits you but does no damage.
Unknown command.
Unknown command.
Aiming: Iceblast
Press: ? - help, Shift-Dir - straight line The mass of ice explodes!
The iceblast engulfs Duvessa!
Duvessa is almost dead.
Duvessa hits you with a +0 antimagic short sword.
* * * LOW HITPOINT WARNING * * *
Your bullfrog zombie completely misses Duvessa.
Duvessa hits you with a +0 antimagic short sword.
You die...
Yredelemnul claims you as an undead slave.

#..#####.######(## #.e.
#..####...)...(..##...
##..Z.#..........#..#
#.##..........).#.#
#.####............#
#<##..............##
#)##.#....Z(........#
#)##.#...eZ.........####
#)##.#...@[)....##......
#####)##.#.....)....# ##....
#....)...#..........###.....
#........###......##.....#..
#........###................
#.............#..........#
#........#..#.##..##.....#
#..........##.##..##.......#
#....................####.#.


You could see Duvessa (berserk, poisoned, ally target), a friendly bullfrog
zombie and a friendly orc zombie.

Vanquished Creatures
  2 ogres
  A phantom (D:5)
  A centaur (D:6)
  2 bullfrogs (D:6)
  Dowan (D:6)
  A hound (D:5)
  Jessica (D:3)
  An iguana (D:5)
  5 orc wizards
  4 adders
  A white imp (D:5)
  A worm (D:2)
  21 orcs
  2 bats (D:3)
  6 endoplasms
  6 goblins
  2 hobgoblins (D:3)
  2 jackals
  2 quokkas
  5 ball pythons
  3 frilled lizards
  3 kobolds (D:2)
  2 rats
75 creatures vanquished.

Vanquished Creatures (collateral kills)
  An ufetubus (D:5)
  An orc (D:6)
  2 jackals (D:5)
4 creatures vanquished.

Vanquished Creatures (others)
  A centaur zombie (D:6)
  An elf zombie (D:6)
  An iguana zombie (D:5)
  A jackal zombie (D:5)
  5 orc zombies
  5 toadstools (D:1)
14 creatures vanquished.

Grand Total: 93 creatures vanquished

Notes
Turn   | Place    | Note
-------+----------+-------------------------------------------
     0 | D:5      | Spectrina the Vampire Delver began the quest for the Orb.
     0 | D:5      | Reached XP level 1. HP: 17/17 MP: 1/1
    39 | D:5      | Noticed a hound
    42 | D:6      | Noticed a hornet
    61 | D:6      | Identified the +0 pair of gloves of Sorutz {*Corrode rPois
                  | rF++}
    89 | D:5      | Killed a hound
    90 | D:5      | Reached skill level 8 in Stealth
    90 | D:5      | Reached XP level 2. HP: 1/18 MP: 2/2
    90 | D:5      | Gained mutation: You are afflicted with vampirism and can
                  | become a bat while bloodless. [Vampire growth]
    90 | D:5      | Reached XP level 3. HP: 1/22 MP: 3/3
   115 | D:5      | Noticed an ogre
   144 | D:5      | Noticed a phantom
   242 | D:4      | Noticed an ogre
   480 | D:2      | Reached XP level 4. HP: 26/27 MP: 4/4
   554 | D:3      | Noticed an ogre
   557 | D:3      | Noticed Jessica
   558 | D:3      | Identified the +0 helmet of Gluttony {rF+ Will- rCorr
                  | Str+8}
   558 | D:3      | Noticed Robin
   559 | D:3      | Killed an ogre
   560 | D:3      | Reached skill level 1 in Armour
   560 | D:3      | Reached XP level 5. HP: 30/31 MP: 5/5
   566 | D:3      | Killed Jessica
   567 | D:3      | Reached skill level 9 in Stealth
   908 | D:3      | Reached XP level 6. HP: 31/36 MP: 6/6
  1008 | D:4      | Found a staircase to the Ecumenical Temple.
  1028 | Temple   | Entered the Ecumenical Temple
  1079 | Temple   | Became a worshipper of Yredelemnul the Dark
  1338 | D:5      | Reached skill level 5 in Short Blades
  1374 | D:5      | Reached * piety under Yredelemnul
  1394 | D:5      | Reached skill level 1 in Invocations
  1404 | D:5      | Reached skill level 10 in Stealth
  1404 | D:5      | Reached XP level 7. HP: 11/40 MP: 7/7
  1540 | D:6      | Noticed Dowan
  1656 | D:6      | Found a hazy altar of Hepliaklqana.
  1709 | D:6      | Reached ** piety under Yredelemnul
  1713 | D:6      | Noticed Duvessa
  1737 | D:6      | Killed Dowan
  1750 | D:6      | Your ally Dowan died
  1758 | D:6      | HP: 2/40 [Duvessa/+0 antimagic short sword (3)]
  1758 | D:6      | Slain by Duvessa

Illustrated notes

Levels and vault maps discovered:
D:1:      ldierk_walled_garden, layout_basic, serial_rivers,
          chequers_serial_rivers_small_b, chequers_serial_rivers_small_3,
          chequers_serial_rivers_micro_a, chequers_serial_rivers_room_b,
          chequers_serial_rivers_small_b, serial_shops,
          nicolae_shop_hallway_plus, shapermc_ecumenical_altar_venn
D:2:      layout_rooms, minmay_split_cup_large
D:3:      layout_basic, mainiacjoe_overflow_brackets, uniq_robin, uniq_jessica
D:4:      layout_loops_ring, minmay_temple_entry_trees
D:5:      layout_rooms
D:6:      layout_rooms, kennysheep_little_box, tso_metal_star,
          gammafunk_temple_overflow_statue, uniq_duvessa
Temple:   zaba_magenta_temple

Skill      XL: |  1  2  3  4  5  6  7 |
---------------+----------------------+-----
Short Blades   | 3 4 5 |  5.7
Stealth        | 8 9 10 | 10.5
Armour         | 1 2 3 |  3.3
Invocations    | 1 2 |  2.2
Fighting       | |  2.6
Dodging        | |  2.1

Action                   |  1- 3 |  4- 6 |  7- 9 || total
-------------------------+-------+-------+-------++-------
Melee: Short sword       |    38 |   123 |    50 ||   211
       Bite              |     4 |     8 |     9 ||    21
       Dagger            |     4 |     5 |       ||     9
       Punch             |       |       |     2 ||     2
 Fire: Shortbow          |       |       |     1 ||     1
Throw: Javelin           |       |     6 |       ||     6
       Dart              |       |     4 |     5 ||     9
 Abil: Exsanguinate      |     1 |       |       ||     1
Evoke: Wand              |       |       |     4 ||     4
  Use: Potion            |       |     4 |       ||     4
 Stab: Sleeping          |    15 |    10 |     1 ||    26
       Distracted        |       |       |     1 ||     1
Armor: Leather armour    |     9 |    24 |     1 ||    34
       Fire dragon scale |       |       |    18 ||    18
Dodge: Dodged            |    20 |    59 |    20 ||    99

Table legend: (Time is in decaauts)
 A = Elapsed time spent in this place.
 B = Non-inter-level travel time spent in this place.
 C = Inter-level travel time spent in this place.
 D = Time resting spent in this place.
 E = Time spent auto-exploring this place.
 F = Levels seen in this place.
 G = Mean time per level.
                   A        B        C        D        E       F      G
               +--------+--------+--------+--------+--------+-----+--------+
         Total |   1726 |   1704 |     22 |      0 |      0 |   7 |  246.6 |
       Dungeon |   1661 |   1648 |     13 |      0 |      0 |   6 |  276.8 |
        Temple |     64 |     55 |      9 |      0 |      0 |   1 |   64.0 |
               +--------+--------+--------+--------+--------+-----+--------+

Top non-repeatable levels by time:
     D:5: 346 daAuts
     D:3: 340 daAuts
     D:4: 334 daAuts
     D:2: 279 daAuts
     D:6: 275 daAuts
     D:1: 86 daAuts
  Temple: 64 daAuts
